 Dungeon Crawl Stone Soup version 0.30-a0-883-g5ad918d77d (webtiles) character file.

Game seed: 9774630116810648223

741 gelatine the Chopper (level 7, -4/55 HPs)
             Began as a Demonspawn Gladiator on Mar 16, 2023.
             Engulfed by a steam dragon's steam (12 damage)
             ... on level 4 of the Dungeon.
             The game lasted 00:06:05 (1987 turns).

gelatine the Chopper (Demonspawn Gladiator)         Turns: 1987, Time: 00:06:06

Health: -4/55      AC: 13    Str: 16    XL:     7   Next: 47%
Magic:  7/7        EV: 11    Int: 10    God:
Gold:   128        SH:  0    Dex: 14    Spells: 6/6 levels left

rFire   . . .      SeeInvis .    a - +0 war axe
rCold   . . .      Faith    .    (no shield)
rNeg    . . .      Spirit   .    j - +0 scale mail
rPois   .          Reflect  .    c - +0 helmet
rElec   .          Rampage  .    (no cloak)
rCorr   .                        (no gloves)
Will    .....                    (no boots) Stlth
                                 (no amulet)
HPRegen 0.29/turn                h - +4 ring of protection
MPRegen 0.10/turn                (no ring)

@: brilliant
A: icy blue scales 1, demonic magic 1, weakness stinger 1
a: no special abilities


You were on level 4 of the Dungeon.
You visited 1 branch of the dungeon, and saw 5 of its levels.

You collected 128 gold pieces.

Inventory:

Hand Weapons
 a - a +0 war axe (weapon)
Missiles
 e - a javelin
 n - 5 poisoned darts (quivered)
Armour
 b - a +0 leather armour
 c - a +0 helmet (worn)
 j - a +0 scale mail (worn)
Jewellery
 h - a +4 ring of protection (left hand)
Scrolls
 d - a scroll of magic mapping {unknown}
 f - 3 scrolls of vulnerability {unknown}
 g - a scroll of teleportation {unknown}
 i - a scroll of immolation {unknown}
 l - a scroll of silence {unknown}
 m - 4 scrolls of identify {unknown}


   Skills:
 * Level 4.5 Fighting
 + Level 4.8 Axes
 + Level 2.0 Throwing
 * Level 2.8 Armour
 * Level 4.6 Dodging
 + Level 0.4 Stealth


You had 6 spell levels left.
You didn't know any spells.
Your spell library contained the following spells:

 Spells                   Type           Power      Damage    Failure   Level
 Sting                    Tmut/Pois      0%         1d3       80%         1
 Ozocubu's Armour         Ice            0%         N/A       99%         3
 Vhi's Electric Charge    Tloc/Air       0%         N/A       99%         3
 Ice Form                 Ice/Tmut       0%         N/A       100%        4
 Arcjolt                  Conj/Air       0%         1d10      100%        5
 Eringya's Noxious Bog    Tmut/Pois      0%         N/A       100%        6
 Statue Form              Tmut/Erth      0%         N/A       100%        6
 Ozocubu's Refrigeration  Ice            0%         4d7       100%        7
 Maxwell's Capacitive Co  Air            0%         ∞         100%        8


Dungeon Overview and Level Annotations

Branches:
Dungeon (5/15)
 Temple: D:4-7

Altars:


Innate Abilities, Weirdness & Mutations

You are partially covered in icy blue scales. (AC +2)
Spells you cast may paralyse adjacent enemies.
You have a small tail.


Message History

You completely miss the steam dragon. You tail-slap the steam dragon.
The steam dragon is moderately wounded.
You are engulfed in a cloud of scalding steam.
The steam dragon breathes steam at you. The ball of steam hits you!
You hear an angry hiss.
You slash the steam dragon!
The steam dragon is heavily wounded.
You are engulfed in a cloud of scalding steam.
* * * LOW HITPOINT WARNING * * *
The steam dragon misses you.
The steam dragon claws you but does no damage.
You closely miss the steam dragon.
The steam dragon is heavily wounded.
The steam dragon bites you but does no damage.
The steam dragon claws you but does no damage.
A kobold comes into view. It is wielding a +0 short sword.
You feel clever all of a sudden.
The steam dragon bites you but does no damage.
The steam dragon claws you but does no damage.
A quokka comes into view.
You slash the steam dragon!
The steam dragon is almost dead.
The steam dragon bites you.
* * * LOW HITPOINT WARNING * * *
The steam dragon claws you but does no damage.
The steam dragon breathes steam at you. The ball of steam hits you.
* * * LOW HITPOINT WARNING * * *
You barely miss the steam dragon.
You tail-slap the steam dragon, but do no damage.
The steam dragon is almost dead.
You are engulfed in a cloud of scalding steam.
The steam dragon bites you but does no damage.
The steam dragon claws you but does no damage.
You closely miss the steam dragon. You tail-slap the steam dragon.
You punch the steam dragon, but do no damage.
The steam dragon is almost dead.
You are engulfed in a cloud of scalding steam.
You die...

..)....>#
.######.#
#.# #.#
#§# #§#
#.# #§#
#@# #D#


rK. ..... ##..### .... #.## (. You could see a steam dragon, a quokka and a
kobold.

Vanquished Creatures
  A water moccasin (D:5)
  2 black bears (D:5)
  An ogre (D:5)
  2 phantoms (D:5)
  A scorpion (D:5)
  A bullfrog zombie (D:5)
  An iguana (D:5)
  Robin (D:2)
  A gnoll (D:1)
  2 adders (D:2)
  An adder zombie (D:5)
  An adder skeleton (D:5)
  2 worms (D:2)
  An orc (D:5)
  5 endoplasms
  2 giant cockroaches
  11 goblins
  13 hobgoblins
  3 jackals (D:1)
  4 kobolds
  A quokka (D:2)
  4 ball pythons
  A bat (D:1)
  A frilled lizard (D:1)
  9 rats
72 creatures vanquished.

Vanquished Creatures (others)
  A withered plant (D:5)
1 creature vanquished.

Grand Total: 73 creatures vanquished

Notes
Turn   | Place    | Note
-------+----------+-------------------------------------------
     0 | D:1      | gelatine the Demonspawn Gladiator began the quest for the
                  | Orb.
     0 | D:1      | Reached XP level 1. HP: 16/16 MP: 1/1
   164 | D:1      | Got Beqiolonn's Teachings on Transmutation
   169 | D:1      | Gained mutation: You are partially covered in icy blue
                  | scales. (AC +2) [demonic ancestry]
   169 | D:1      | Reached XP level 2. HP: 21/23 MP: 2/2
   437 | D:1      | Gained mutation: You have a small tail. [demonic ancestry]
   437 | D:1      | Reached XP level 3. HP: 28/28 MP: 3/3
   731 | D:2      | Noticed Robin
   746 | D:2      | Killed Robin
   864 | D:2      | Reached skill level 1 in Armour
   864 | D:2      | Reached XP level 4. HP: 35/35 MP: 4/4
  1327 | D:3      | You fall into a shaft and drop 2 floors!
  1327 | D:5      | Entered Level 5 of the Dungeon
  1330 | D:5      | Noticed a phantom
  1333 | D:5      | Noticed a black bear
  1337 | D:5      | Noticed a phantom
  1352 | D:5      | Reached XP level 5. HP: 38/41 MP: 5/5
  1352 | D:5      | Killed a phantom
  1356 | D:5      | Killed a black bear
  1357 | D:5      | Reached XP level 6. HP: 39/48 MP: 6/6
  1446 | D:5      | Gained mutation: Spells you cast may paralyse adjacent
                  | enemies. [demonic ancestry]
  1446 | D:5      | Reached XP level 7. HP: 38/54 MP: 7/7
  1973 | D:4      | Noticed a steam dragon
  1987 | D:4      | Engulfed by a steam dragon's steam

Illustrated notes

Levels and vault maps discovered:
D:1:      minmay_arrival_radiant_lines, layout_basic, minmay_misc_feat_square,
          kennysheep_crisscross, minmay_misc_feat_secret_circle
D:2:      layout_rooms, uniq_robin
D:3:      layout_basic, dreamdust_ecumenical_altar_angels_and_demons,
          guppyfry_early_orc_mine
D:4:      layout_basic, mainiacjoe_overflow_paths, ebering_ghost_inner_flame,
          serial_curves, eino_curves_02, eino_curves_02, eino_curves_03,
          minmay_misc_feat_more_columns, uniq_pikel
D:5:      layout_loops_ring, serial_undead, serial_undead_e, serial_undead_b,
          serial_undead_b, serial_undead_c

Skill      XL: |  1  2  3  4  5  6  7 |
---------------+----------------------+-----
Dodging        | 3 4 |  4.6
Axes           | 3 4 |  4.8
Fighting       | 3 4 |  4.5
Armour         | 1 2 |  2.8
Throwing       | 2 |  2.0
Stealth        | |  0.4

Action                     |  1- 3 |  4- 6 |  7- 9 || total
---------------------------+-------+-------+-------++-------
  Melee: War axe           |   101 |    82 |    32 ||   215
         Tailslap          |     5 |    10 |     4 ||    19
         Punch             |       |     1 |     2 ||     3
  Throw: Throwing net      |       |     3 |     1 ||     4
         Javelin           |       |     1 |     2 ||     3
         Boomerang         |       |       |     4 ||     4
    Use: Potion            |       |     5 |     1 ||     6
   Stab: Sleeping          |       |     1 |       ||     1
         Held in net/web   |       |       |     1 ||     1
 Armour: Leather armour    |    52 |    55 |       ||   107
         Scale mail        |       |       |    22 ||    22
  Dodge: Dodged            |    79 |    77 |    12 ||   168

Table legend: (Time is in decaauts)
 A = Elapsed time spent in this place.
 B = Non-inter-level travel time spent in this place.
 C = Inter-level travel time spent in this place.
 D = Time resting spent in this place.
 E = Time spent auto-exploring this place.
 F = Levels seen in this place.
 G = Mean time per level.
                   A        B        C        D        E       F      G
               +--------+--------+--------+--------+--------+-----+--------+
         Total |   2058 |   2020 |     38 |      0 |   1422 |   5 |  411.6 |
       Dungeon |   2058 |   2020 |     38 |      0 |   1422 |   5 |  411.6 |
               +--------+--------+--------+--------+--------+-----+--------+

Top non-repeatable levels by time:
     D:1: 857 daAuts
     D:5: 614 daAuts
     D:2: 432 daAuts
     D:3: 86 daAuts
     D:4: 68 daAuts
